 Dungeon Crawl Stone Soup version 0.30-a0-782-ge64f9170bb (webtiles) character file.

Game seed: 1394560996939487690

107683 Ijustatesigmund the Warrior (level 16, -5/114 HPs)
             Began as a Gargoyle Fighter on Feb 21, 2023.
             Was a High Priest of Ashenzari.
             Shot with an arrow by a naga sharpshooter (9 damage)
             ... on level 1 of the Snake Pit.
             The game lasted 01:07:42 (25167 turns).

Ijustatesigmund the Warrior (Gargoyle Fighter)     Turns: 25167, Time: 01:07:43

Health: -5/114     AC: 41    Str: 37    XL:     16   Next: 47%
Magic:  27/27      EV: 10    Int: 11    God:    Ashenzari [*****.]
Gold:   944        SH: 10    Dex: 10    Spells: 16/30 levels left

rFire   + . .      SeeInvis +    K - +6 flail "Overhang to Understand" {drain, rCorr, Melee, Bglg} (curse)
rCold   + + .      Faith    .    Q - +3 buckler "Isarch" {Str+4 Slay+3}
rNeg    + . .      Spirit   .    b - +0 gold dragon scales "Thunder Perfect Mind" {rPois rF+ rC+, Cun, Evo} (curse)
rPois   ∞          Reflect  .    o - +0 helmet of Ashenzari's Yoke {Fort, Bglg} (curse)
rElec   +          Harm     .    y - +0 cloak of Toth-Mos's Legacy {Cun, Evo} (curse)
rCorr   +          Rampage  +    i - +0 pair of gloves "Circumscribed Together" {Cun, Self} (curse)
Will    +....      Clarity  +    A - +1 pair of boots {rampage} Stlth
                                 k - amulet "Ensconced Incredulity" {Regen+, Elem, Alch} (curse)
HPRegen 1.19/turn                T - ring of the Eternal Sun {Str+6, Comp, Elem} (curse)
MPRegen 0.20/turn                c - ring "Gnostic Negation" {rC+, Elem, Evo} (curse)

@: flying
A: sickness immunity, AC +12, big wings, negative energy resistance 1,
electricity resistance, torment resistance 1, petrification resistance,
iridescent scales 1, clarity, strong 1
a: Renounce Religion, Curse Item, Shatter the Chains


You were on level 1 of the Snake Pit.
You worshipped Ashenzari.
Ashenzari was extremely pleased with you.
You visited 6 branches of the dungeon, and saw 24 of its levels.
You visited the Abyss 1 time.
You also visited: Sewer, Bailey, Ice Cave and Volcano.

You collected 2326 gold pieces.
You spent 1382 gold pieces at shops.

Inventory:

Hand Weapons
 a - a +7 demon whip of flaming
 K - the cursed +6 flail "Overhang to Understand" (weapon) {drain, rCorr, Melee, Bglg}
   (You found it on level 11 of the Dungeon)

   rCorr:     It protects you from acid and corrosion.
   It has a curse which improves the following skills: Melee Combat: Short
   Blades, Long Blades, Axes, Maces & Flails, Polearms, Staves and Unarmed
   Combat.
   Beguiling: Conjurations, Hexes and Translocations.
Missiles
 J - 6 curare-tipped darts (quivered)
Armour
 b - the cursed +0 gold dragon scales "Thunder Perfect Mind" (worn) {rPois rF+ rC+, Cun, Evo}
   (You found it in a bailey)

   rF:        It protects you from fire.
   rC:        It protects you from cold.
   rPois:     It protects you from poison.
   It has a curse which improves the following skills: Cunning: Dodging and
   Stealth.
   Evocations: Evocations.
 i - the cursed +0 pair of gloves "Circumscribed Together" (worn) {Cun, Self}
   (You found it on level 2 of the Dungeon)

   It has a curse which improves the following skills: Cunning: Dodging and
   Stealth.
   Introspection: Fighting and Spellcasting.
 l - a +0 kite shield of reflection
 o - the cursed +0 helmet of Ashenzari's Yoke (worn) {Fort, Bglg}
   (You found it on level 3 of the Dungeon)

   It has a curse which improves the following skills: Fortitude: Armour and
   Shields.
   Beguiling: Conjurations, Hexes and Translocations.
 t - a +0 pair of gloves of infusion
 w - a +0 pair of boots
 y - the cursed +0 cloak of Toth-Mos's Legacy (worn) {Cun, Evo}
   (You found it on level 5 of the Dungeon)

   It has a curse which improves the following skills: Cunning: Dodging and
   Stealth.
   Evocations: Evocations.
 A - a +1 pair of boots of rampaging (worn)
 Q - the +3 buckler "Isarch" (worn) {Str+4 Slay+3}
   (You found it on level 14 of the Dungeon)

   Str:       It affects your strength (+4).
   Slay:      It affects your accuracy & damage with ranged weapons and melee
   (+3).
Jewellery
 c - the cursed ring "Gnostic Negation" (right hand) {rC+, Elem, Evo}
   (You found it on level 15 of the Dungeon)

   [ring of protection from cold]

   rC:        It protects you from cold.
   It has a curse which improves the following skills: Elements: Fire Magic, Ice
   Magic, Air Magic and Earth Magic.
   Evocations: Evocations.
 k - the cursed amulet "Ensconced Incredulity" (around neck) {Regen+, Elem, Alch}
   (You found it on level 1 of the Dungeon)

   [amulet of regeneration]

   Regen:     It increases your rate of health regeneration.
   It has a curse which improves the following skills: Elements: Fire Magic, Ice
   Magic, Air Magic and Earth Magic.
   Alchemy:   Poison Magic and Transmutations.
 q - a ring of ice
 x - a ring of protection from cold
 O - a ring of positive energy
 T - the cursed ring of the Eternal Sun (left hand) {Str+6, Comp, Elem}
   (You took it off a meliai on level 14 of the Dungeon)

   [ring of strength]

   Str:       It affects your strength (+6).
   It has a curse which improves the following skills: Companions: Summonings
   and Necromancy.
   Elements:  Fire Magic, Ice Magic, Air Magic and Earth Magic.
 V - the ring "Dunyam" {rPois rC+ Will+ Int+2}
   (You found it on level 1 of the Lair of Beasts)

   [ring of willpower]

   Int:       It affects your intelligence (+2).
   rC:        It protects you from cold.
   rPois:     It protects you from poison.
   Will:      It increases your willpower.
 Y - a +6 ring of strength
 Z - an amulet of the acrobat
Wands
 e - a wand of digging (13)
 p - a wand of flame (31)
 s - a wand of paralysis (4)
 G - a wand of mindburst (8)
 H - a wand of roots (4)
 L - a wand of polymorph (6)
Scrolls
 h - 8 scrolls of teleportation
 v - 18 scrolls of identify
 z - a scroll of silence
 C - 3 scrolls of immolation
 E - 5 scrolls of enchant armour
 F - 2 scrolls of torment
 I - a scroll of fog
 N - a scroll of fear
 S - a scroll of acquirement
 W - 2 scrolls of poison
Potions
 d - 4 potions of might
 f - 5 potions of attraction
 g - 8 potions of curing
 j - 3 potions of ambrosia
 m - 3 potions of magic
 n - 6 potions of mutation
 r - 5 potions of flight
 u - 6 potions of haste
 B - 4 potions of brilliance
 P - 2 potions of resistance
Miscellaneous
 D - a piece from Xom's chessboard (15/15)
 R - a piece from Xom's chessboard (15/15)


   Skills:
 + Level 15.9(18.0) Fighting
 - Level 12.8(15.0) Maces & Flails
 - Level 12.5(14.7) Armour
 - Level 7.5(12.0) Dodging
 - Level 5.9(10.3) Stealth
 - Level 10.2(12.5) Shields
 - Level 5.6(7.9) Spellcasting
 - Level 7.1(10.6) Conjurations
 + Level 7.8(10.2) Necromancy
 - Level 1.1(3.1) Translocations
 - Level 4.6(6.8) Transmutations
 - Level 8.7(13.2) Earth Magic
 - Level 4.9(9.2) Evocations


You had 16 spell levels left.
You knew the following spells:

 Your Spells              Type           Power      Damage    Failure   Level
a - Passwall              Tmut/Erth      21%        N/A       4%          2
b - Apportation           Tloc           22%        N/A       45%         1
c - Iron Shot             Conj/Erth      15%        9d4       91%         6
d - Borgnjor's Vile Clut  Necr/Erth      15%        N/A       38%         5

Your spell library contained the following spells:

 Spells                   Type           Power      Damage    Failure   Level
 Foxfire                  Conj/Fire      64%        2x1d7     19%         1
 Shock                    Conj/Air       64%        1d7       19%         1
 Petrify                  Tmut/Erth      26%        N/A       30%         4
 Dazzling Flash           Conj/Hex       32%        N/A       50%         3
 Agony                    Necr           26%        N/A       61%         5
 Mephitic Cloud           Conj/Pois/Air  12%        N/A       75%         3
 Animate Armour           Summ/Erth      38%        N/A       75%         4
 Irradiate                Conj/Tmut      11%        3d15      82%         5
 Summon Small Mammal      Summ           20%        N/A       86%         1
 Ensorcelled Hibernation  Hex/Ice        10%        N/A       92%         2
 Poisonous Vapours        Pois/Air       10%        N/A       93%         2
 Portal Projectile        Hex/Tloc       16%        N/A       95%         3
 Blade Hands              Tmut           9%         N/A       97%         5
 Ice Form                 Ice/Tmut       12%        N/A       98%         4
 Call Canine Familiar     Summ           5%         N/A       99%         3
 Frozen Ramparts          Ice            10%        1d2       99%         3
 Inner Flame              Hex/Fire       5%         N/A       99%         3
 Summon Guardian Golem    Hex/Summ       5%         N/A       99%         3
 Swiftness                Air            5%         N/A       99%         3
 Tukima's Dance           Hex            5%         N/A       99%         3
 Fireball                 Conj/Fire      8%         3d6       99%         5
 Airstrike                Air            2%         2d(1-17)  100%        4
 Cause Fear               Hex            2%         N/A       100%        4
 Summon Ice Beast         Ice/Summ       5%         N/A       100%        4
 Alistair's Intoxication  Tmut/Pois      8%         N/A       100%        5
 Silence                  Hex/Air        2%         N/A       100%        5
 Summon Forest            Summ/Tloc      4%         N/A       100%        5
 Summon Mana Viper        Hex/Summ       5%         N/A       100%        5
 Eringya's Noxious Bog    Tmut/Pois      6%         N/A       100%        6
 Starburst                Conj/Fire      8%         6d4       100%        6
 Summon Cactus Giant      Summ           2%         N/A       100%        6
 Discord                  Hex            2%         N/A       100%        8
 Polar Vortex             Ice            2%         N/A       100%        9
 Sublimation of Blood     Necr           Unusable   N/A       N/A         2
 Cigotuvi's Dreadful Rot  Necr/Pois/Air  Unusable   N/A       N/A         2

Dungeon Overview and Level Annotations

Branches:
Dungeon (15/15)            Temple (1/1) D:5            Lair (4/5) D:11
  Swamp (1/4) Lair:2        Snake (1/4) Lair:3          Orc (2/2) D:9
    Elf (0/3) Orc:2        Vaults (0/5) D:14         Depths (0/4) D:15
  Sewer (visited)          Bailey (visited)           IceCv (visited)
Volcano (visited)
  Slime: Lair:4-5

Altars:
Ashenzari
Cheibriados
Dithmenos
Elyvilon
Fedhas
Gozag
Hepliaklqana
Kikubaaqudgha
Makhleb
Nemelex Xobeh
Okawaru
Qazlal
Ru
Sif Muna
Trog
Uskayaw
Vehumet
Wu Jian
Xom
Yredelemnul
Zin
The Shining One

Shops:
D:4 :!   D:7 =   D:11 *   Orc:2 (=?:


Innate Abilities, Weirdness & Mutations

You are immune to sickness and miasma.
Your stone body is resilient. (AC +12)
You are immune to poison.
Your large and strong wings let you fly.
You resist negative energy. (rN+)
You are resistant to electric shocks. (rElec)
You are resistant to unholy torment.
You are immune to petrification.
You are partially covered in iridescent scales. (AC +2)
You possess an exceptional clarity of mind.
Your muscles are strong. (Str +4, Int/Dex -1)


Message History

Aiming: Fastroot
Press: ? - help, Shift-Dir - straight line, f - salamander
Aim: a salamander, wielding a +0 glaive The roots erupt in riotous growth!
Roots grab the salamander. x2; Roots grab the naga ritualist.
The grasping roots constrict the naga ritualist!
The grasping roots constrict the salamander! x2
The naga sharpshooter casts a spell.
The naga sharpshooter magically shoots an arrow.
The arrow hits you!
* * * LOW HITPOINT WARNING * * *
You block the salamander's attack.
The salamander mystic casts a spell at the naga sharpshooter.
The naga sharpshooter seems to speed up.
The naga sharpshooter mumbles some strange words.
The naga sharpshooter magically shoots an arrow.
The arrow hits you!
* * * LOW HITPOINT WARNING * * *
The grasping roots constrict the naga ritualist!
The grasping roots constrict the salamander! x2
The naga sharpshooter gestures wildly while chanting.
The naga sharpshooter magically shoots a bolt.
The bolt hits you!
* * * LOW HITPOINT WARNING * * *
The salamander struggles to escape constriction.
The naga sharpshooter gestures wildly while chanting.
The naga sharpshooter magically shoots an arrow.
The arrow closely misses you.
The salamander mystic points at the naga sharpshooter and mumbles some strange words.
The naga sharpshooter seems to speed up.
The naga sharpshooter mumbles some strange words.
The naga sharpshooter magically shoots an arrow.
You block the arrow.
The grasping roots constrict the naga ritualist!
The grasping roots constrict the salamander! x2
The roots release their grip on the naga ritualist.
The naga sharpshooter mumbles some strange words.
The naga sharpshooter magically shoots an arrow.
The arrow hits you!
You die...

# #........# * ,,,{, * #
####........# ,, ... #
#..#........# * ,, ,,...{ #
##..........# * , ,...., #
#..#.......## , ,N... {
#..#........# ,####'####
#..#........#∆###)......###
#...........###NNN.......S#
#.........@.).NNNNN....))S)
#...........###NN........)#
#...##......#∆###.......###
##...##.###..# ####'####
#...........## N...., , #
#...#.......#* ,,........ ,
## #...........#
#..N....... *
.########........#
##.....∆...*
..##.8.####......# ###...,


You could see 5 naga sharpshooters, a salamander mystic, 2 salamanders and a
naga ritualist (drained).

Vanquished Creatures
  Donald (Snake:1)
  A nagaraja (Snake:1)
  Aizul (Snake:1)
  2 reapers (IceCv)
  A juggernaut zombie (D:15)
  Nessos (D:12)
  2 bunyips (Swamp:1)
  A fire dragon (D:14)
  The ghost of Keipuchu the Blocker, a journeyman OpFi of Zin (D:13)
  Harold (Orc:1)
  7 hydras
  Erolcha (Orc:2)
  A salamander tyrant (Snake:1)
  The ghost of Taici the Fetichist, a journeyman OpSu of Yredelemnul (D:12)
  3 anacondas (Snake:1)
  2 ogre magi (Orc:2)
  8 vault guards (D:14)
  A caustic shrike simulacrum (IceCv)
  3 two-headed ogres
  Erica (D:11)
  2 catoblepae
  2 naga warriors (Snake:1)
  4 boulder beetles
  A storm dragon zombie (D:15)
  3 naga sharpshooters (Snake:1)
  A hell knight (Volcano)
  Nergalle (D:10)
  3 salamander mystics (Snake:1)
  2 skysharks
  A spriggan druid (Swamp:1)
  5 skeletal warriors (D:15)
  A flayed ghost (D:15)
  An orc knight (D:15)
  An obsidian statue (IceCv)
  A bog body (IceCv)
  3 naga ritualists (Snake:1)
  2 necromancers
  2 spriggan simulacra (IceCv)
  7 mana vipers (Snake:1)
  2 deep elf pyromancers
  5 salamanders (Snake:1)
  9 ugly things
  8 orc sorcerers
  A sphinx skeleton (D:15)
  3 manticores
  An iron dragon skeleton (D:15)
  4 cyclopes
  5 naga magi (Snake:1)
  7 black mambas
  2 smoke demons
  Maurice (D:10)
  A gargoyle (D:10)
  4 cane toads
  An efreet (D:15)
  3 komodo dragons
  10 freezing wraiths
  A cane toad (shapeshifter) (D:13)
  An unseen horror (D:12)
  2 tengu conjurers (D:15)
  2 rime drakes
  A golden dragon simulacrum (IceCv)
  6 ice devils (IceCv)
  An anaconda simulacrum (IceCv)
  A red devil (Volcano)
  A hornet (D:13)
  8 blink frogs (Lair:3)
  8 trolls
  A queen bee (D:10)
  A wind drake (shapeshifter) (D:14)
  3 meliai (D:14)
  4 tyrant leeches (Lair:2)
  A troll (shapeshifter) (D:15)
  4 dream sheep (Lair:3)
  Grinder (D:3)
  A polar bear (D:13)
  13 slime creatures
  4 water elementals
  3 spriggans (D:13)
  A centaur simulacrum (D:15)
  3 shadows
  6 wyverns
  6 wraiths
  31 yaks
  2 basilisks
  A small abomination (Abyss:1)
  2 steam dragons
  4 minotaur simulacra (IceCv)
  8 vampire mosquitoes
  14 nagas
  3 wargs
  2 acid dragons
  2 harpy simulacra (IceCv)
  A hydra simulacrum (IceCv)
  2 swamp worms (Lair:2)
  10 water moccasins
  Duvessa (D:7)
  2 hell hounds (Volcano)
  20 orc warriors
  A large abomination (Abyss:1)
  An ettin simulacrum (IceCv)
  Pargi (D:4)
  A swamp drake (D:12)
  An alligator simulacrum (IceCv)
  3 ice beasts
  2 sky beasts
  8 ogres
  10 wolves
  2 phantoms
  11 centaurs
  Blork the orc (D:4)
  3 kobold brigands
  3 gnoll sergeants
  11 bullfrogs
  A deep troll simulacrum (IceCv)
  3 scorpions (D:6)
  A wight (D:9)
  Dowan (D:7)
  34 killer bees
  2 howler monkeys
  5 electric eels
  A gnoll bouda (D:6)
  9 hounds
  Crazy Yiuf (D:2)
  13 orc priests
  A jelly (Abyss:1)
  An iron imp (Abyss:1)
  Jessica (D:3)
  Terence (D:3)
  4 hell rats (Lair:4)
  3 iguanas
  35 orc wizards
  5 polar bear simulacra (D:14)
  A yak simulacrum (D:14)
  2 wolf simulacra (D:14)
  Robin (D:3)
  21 gnolls
  12 adders
  7 river rats
  2 white imps (D:7)
  An ufetubus (D:5)
  4 worms
  2 dart slugs
  81 orcs
  17 bats
  6 endoplasms
  10 giant cockroaches
  19 goblins
  6 hobgoblins
  7 jackals
  7 kobolds
  7 quokkas
  9 ball pythons
  8 frilled lizards
  10 rats
  3 river rat simulacra (D:14)
763 creatures vanquished.

Vanquished Creatures (others)
  2 orcs (Orc:2)
  11 fungi
  57 plants
70 creatures vanquished.

Grand Total: 833 creatures vanquished

Notes
Turn   | Place    | Note
-------+----------+-------------------------------------------
     0 | D:1      | Ijustatesigmund the Gargoyle Fighter began the quest for
                  | the Orb.
     0 | D:1      | Reached XP level 1. HP: 14/14 MP: 1/1
    11 | D:1      | You fall into a shaft and drop 1 floor!
    26 | D:2      | Reached XP level 2. HP: 19/19 MP: 2/2
   428 | D:1      | Reached XP level 3. HP: 24/24 MP: 3/3
  1101 | D:2      | Reached skill level 4 in Fighting
  1210 | D:2      | Reached XP level 4. HP: 29/29 MP: 4/4
  1513 | D:2      | Identified a scroll of acquirement
  1513 | D:2      | Acquired a manual of Maces & Flails
  1774 | D:2      | Found a runed translucent door.
  1842 | D:3      | Noticed Robin
  1852 | D:3      | Killed Robin
  1897 | D:3      | Noticed a phantom
  1909 | D:3      | Killed a phantom
  1910 | D:3      | Reached XP level 5. HP: 22/34 MP: 5/5
  2116 | D:3      | Noticed Grinder
  2117 | D:3      | Noticed Terence
  2386 | D:4      | Found Tein's Book Shoppe.
  2389 | D:4      | Noticed Blork the orc
  2401 | D:4      | Killed Blork the orc
  2402 | D:4      | Reached skill level 5 in Maces & Flails
  2402 | D:4      | Reached XP level 6. HP: 27/40 MP: 6/6
  2591 | D:4      | Noticed Pargi
  2602 | D:4      | Reached skill level 5 in Fighting
  2603 | D:4      | Reached skill level 5 in Armour
  2604 | D:4      | Killed Pargi
  2605 | D:4      | Reached XP level 7. HP: 37/44 MP: 7/7
  2690 | D:3      | Killed Terence
  2698 | D:3      | Killed Grinder
  2889 | D:3      | Noticed Jessica
  2895 | D:3      | Killed Jessica
  3332 | D:4      | Found Cibriot's Distillery.
  3338 | D:4      | Bought a potion of invisibility for 104 gold pieces
  3338 | D:4      | Bought a potion of haste for 130 gold pieces
  3731 | D:5      | Entered Level 5 of the Dungeon
  3821 | D:5      | Reached XP level 8. HP: 45/51 MP: 8/8
  4127 | D:5      | Found a snail-covered altar of Cheibriados.
  4236 | D:5      | Found a staircase to the Ecumenical Temple.
  4245 | Temple   | Entered the Ecumenical Temple
  4418 | Temple   | Became a worshipper of Ashenzari the Shackled
  4523 | D:6      | Reached skill level 6 in Fighting
  4728 | D:6      | Found a glowing drain.
  4732 | Sewer    | Entered a sewer
  5851 | D:6      | Reached skill level 10 in Maces & Flails
  6192 | D:6      | Learned a level 2 spell: Passwall
  6254 | D:6      | Reached skill level 7 in Fighting
  6261 | D:6      | Reached XP level 9. HP: 57/57 MP: 9/9
  6450 | D:7      | Identified the +11 halberd of Dullness {drain, Drain rElec
                  | rPois rF+++}
  6614 | D:7      | Noticed Duvessa
  6616 | D:7      | Noticed Dowan
  6631 | D:7      | Killed Duvessa
  6635 | D:7      | Killed Dowan
  6714 | D:7      | Reached * piety under Ashenzari
  6783 | Abyss:1  | Cast into level 1 of the Abyss (gnoll sergeant)
  6784 | Abyss:1  | Noticed a wretched star
  6817 | Abyss:1  | Reached skill level 8 in Fighting
  6830 | Abyss:1  | Noticed a smoke demon
  6839 | Abyss:1  | Killed a smoke demon
  6840 | Abyss:1  | Reached skill level 1 in Dodging
  6892 | Abyss:1  | Noticed a freezing wraith
  6909 | Abyss:1  | Killed a freezing wraith
  6910 | Abyss:1  | Reached XP level 10. HP: 41/65 MP: 10/10
  6918 | Abyss:1  | Identified the cursed +0 cloak of Toth-Mos's Legacy {Cun,
                  | Evo} (You found it on level 5 of the Dungeon)
  6918 | Abyss:1  | Identified the cursed +0 plate armour of Star-Bound Wisdom
                  | {Self, Cun} (You found it on level 2 of the Dungeon)
  6920 | D:7      | Escaped the Abyss
  7102 | D:7      | Found Irghaneo's Jewellery Emporium.
  7312 | D:8      | Found a flagged portal.
  7321 | Bailey   | Entered a bailey
  7853 | D:8      | Noticed a two-headed ogre
  7862 | D:8      | Killed a two-headed ogre
  7863 | D:8      | Reached skill level 9 in Fighting
  8518 | D:2      | Noticed Crazy Yiuf
  8533 | D:2      | Killed Crazy Yiuf
  8847 | D:9      | Noticed a manticore
  8863 | D:9      | Noticed a boulder beetle
  8865 | D:9      | Killed a manticore
  8883 | D:9      | Reached skill level 10 in Armour
  8891 | D:9      | Noticed a two-headed ogre
  8902 | D:9      | Killed a two-headed ogre
  8903 | D:9      | Reached skill level 5 in Shields
  8903 | D:9      | Reached XP level 11. HP: 47/71 MP: 11/11
  8908 | D:9      | Found a staircase to the Orcish Mines.
  9241 | D:9      | Killed a boulder beetle
  9242 | D:9      | Reached skill level 5 in Dodging
  9267 | D:9      | Noticed a deep elf pyromancer
  9275 | D:9      | Killed a deep elf pyromancer
  9383 | D:9      | Noticed a cyclops
  9419 | D:9      | Killed a cyclops
 10111 | D:10     | Entered Level 10 of the Dungeon
 10451 | D:10     | Noticed Nergalle
 10507 | D:10     | Killed Nergalle
 10720 | D:10     | Reached XP level 12. HP: 76/76 MP: 12/12
 10922 | D:10     | Reached ** piety under Ashenzari
 10972 | D:10     | Noticed Maurice
 10975 | D:10     | Paralysed by Maurice for 5 turns
 10991 | D:10     | Killed Maurice
 11030 | D:10     | Reached skill level 1 in Conjurations
 11032 | D:10     | Reached skill level 1 in Evocations
 11895 | D:11     | Noticed Erica
 11909 | D:11     | Killed Erica
 12051 | D:11     | Reached skill level 10 in Fighting
 12081 | D:11     | Identified the +6 flail "Gidoafam" {drain, rCorr}
 12206 | D:11     | Found a staircase to the Lair.
 12278 | D:11     | Reached *** piety under Ashenzari
 12333 | D:11     | Found Neury's Island Escapes.
 12498 | D:11     | Bought 3 scrolls of blinking for 315 gold pieces
 12498 | D:11     | Bought a scroll of blinking for 105 gold pieces
 12498 | D:11     | Bought a scroll of teleportation for 42 gold pieces
 12531 | D:12     | Noticed Taici's ghost (journeyman OpSu)
 12531 | D:12     | Found a runed translucent door.
 12580 | D:12     | Reached skill level 1 in Spellcasting
 12823 | D:12     | Noticed Nessos
 12853 | D:12     | Killed Nessos
 12887 | D:12     | Reached skill level 11 in Fighting
 13388 | D:12     | Killed Taici's ghost
 13585 | D:13     | Reached XP level 13. HP: 31/88 MP: 20/22
 13795 | D:13     | Reached skill level 5 in Spellcasting
 13860 | D:13     | Found a runed translucent door.
 13861 | D:13     | Noticed Keipuchu's ghost (journeyman OpFi)
 13865 | D:13     | Reached skill level 12 in Fighting
 13865 | D:13     | Identified the +9 trident "Qiatzem" {flame, rC+}
 13969 | D:13     | Learned a level 1 spell: Apportation
 14308 | D:13     | Reached skill level 1 in Translocations
 14406 | D:13     | Reached **** piety under Ashenzari
 14563 | D:13     | Reached skill level 1 in Earth Magic
 14643 | D:13     | Killed Keipuchu's ghost
 15028 | D:14     | Noticed a fire dragon
 15040 | D:14     | Killed a fire dragon
 15068 | D:14     | Gained mutation: Your muscles are strong. (Str +4, Int/Dex
                  | -1) [potion of mutation]
 15068 | D:14     | Gained mutation: You are partially covered in iridescent
                  | scales. (AC +2) [potion of mutation]
 15068 | D:14     | Gained mutation: You possess an exceptional clarity of
                  | mind. [potion of mutation]
 15334 | D:14     | Found a gate to the Vaults.
 15334 | D:14     | Noticed a vault guard
 15334 | D:14     | Noticed a vault guard
 15334 | D:14     | Noticed a vault guard
 15334 | D:14     | Noticed a vault guard
 15334 | D:14     | Noticed a vault guard
 15334 | D:14     | Noticed a vault guard
 15353 | D:14     | Killed a vault guard
 15354 | D:14     | Reached skill level 13 in Fighting
 15365 | D:14     | Killed a vault guard
 15369 | D:14     | Killed a vault guard
 15370 | D:14     | Reached skill level 5 in Earth Magic
 15490 | D:14     | Reached skill level 1 in Transmutations
 15508 | D:14     | Identified the +7 trident "Zeripp" {antimagic, rPois Str+5}
 15537 | D:14     | Killed a vault guard
 15570 | D:14     | Killed a vault guard
 15571 | D:14     | Noticed a vault guard
 15583 | D:14     | Killed a vault guard
 15634 | D:14     | Killed a vault guard
 15888 | D:14     | Identified the +3 buckler "Isarch" {Str+4 Slay+3}
 16474 | D:15     | Entered Level 15 of the Dungeon
 16528 | D:15     | Gained mutation: Your large and strong wings let you fly.
                  | [Gargoyle growth]
 16528 | D:15     | Reached XP level 14. HP: 99/99 MP: 25/25
 16665 | D:15     | Found a staircase to the Depths.
 16754 | D:15     | Reached skill level 14 in Fighting
 17785 | Lair:1   | Entered Level 1 of the Lair of Beasts
 17916 | Lair:1   | Identified the ring "Dunyam" {rPois rC+ Will+ Int+2}
 17986 | Lair:1   | Learned a level 6 spell: Iron Shot
 18130 | Lair:1   | Found a dark tunnel.
 18138 | Volcano  | Entered a volcano
 18872 | Lair:2   | Reached skill level 1 in Stealth
 18890 | Lair:2   | Found a staircase to the Swamp.
 19200 | Lair:3   | Reached skill level 5 in Conjurations
 19281 | Lair:3   | Found a staircase to the Snake Pit.
 19315 | Lair:3   | Reached XP level 15. HP: 98/105 MP: 26/26
 20638 | Orc:1    | Entered Level 1 of the Orcish Mines
 21189 | Orc:1    | Noticed Harold
 21201 | Orc:1    | Killed Harold
 21202 | Orc:1    | Reached skill level 5 in Stealth
 21257 | Orc:2    | Entered Level 2 of the Orcish Mines
 21407 | Orc:2    | Reached skill level 10 in Shields
 21433 | Orc:2    | Found Wutoib's Book Shop.
 21440 | Orc:2    | Bought Great Wizards, Vol. II for 380 gold pieces
 21446 | Orc:2    | Learned a level 5 spell: Borgnjor's Vile Clutch
 21463 | Orc:2    | Found an ancient bone altar of Kikubaaqudgha.
 21466 | Orc:2    | Paralysed by an orc sorcerer for 2 turns
 21500 | Orc:2    | Paralysed by an orc sorcerer for 4 turns
 21527 | Orc:2    | Found Pubysise's Magic Scroll Boutique.
 21539 | Orc:2    | Found Xiz Bieg's Jewellery Shop.
 21562 | Orc:2    | Noticed Erolcha
 21564 | Orc:2    | Found a radiant altar of Vehumet.
 21572 | Orc:2    | Killed Erolcha
 21601 | Orc:2    | Found Boonulei's Antique Weapon Boutique.
 21609 | Orc:2    | Bought a glowing demon whip for 306 gold pieces
 21776 | Orc:2    | Found a staircase to the Elven Halls.
 21811 | Orc:2    | Reached ***** piety under Ashenzari
 22231 | Swamp:1  | Entered Level 1 of the Swamp
 22240 | Swamp:1  | Reached skill level 1 in Necromancy
 22357 | Snake:1  | Entered Level 1 of the Snake Pit
 22497 | Snake:1  | Noticed Donald
 22516 | Snake:1  | Killed Donald
 22530 | Snake:1  | Found a frozen archway.
 22539 | IceCv    | Entered an ice cave
 22711 | IceCv    | Reached skill level 5 in Necromancy
 23548 | IceCv    | HP: 2/106 [reaper/+3 scythe of freezing (32)]
 23562 | IceCv    | Reached XP level 16. HP: 24/112 MP: 27/27
 23751 | IceCv    | Identified Ulutiyph's Cyclopedia of the Blizzard
 24008 | Snake:1  | Reached skill level 15 in Fighting
 24613 | Snake:1  | Noticed Aizul
 25037 | Snake:1  | Killed Aizul
 25142 | Snake:1  | Noticed a nagaraja
 25157 | Snake:1  | Killed a nagaraja
 25166 | Snake:1  | HP: 3/114 [naga sharpshooter/bolt (16)]
 25167 | Snake:1  | Shot with an arrow by a naga sharpshooter

Illustrated notes

Levels and vault maps discovered:
D:1:      saegor_arrival_simple_d, layout_basic, palyth_stone_intersect,
          nicolae_kite_square_tiling_tiny, minmay_misc_feat_secret_circle,
          minivault_25, nrook_uturn
D:2:      layout_basic, uniq_crazy_yiuf_cottage
D:3:      layout_loops_ring, uniq_grinder, uniq_robin, uniq_jessica,
          uniq_terence
D:4:      layout_basic, serial_corexii_hall, corexii_hall_statues_i,
          corexii_hall_statues_x, corexii_hall_statues_t,
          corexii_hall_statues_i, corexii_hall_statues_l,
          corexii_hall_statues_s, serial_shops, kennysheep_little_box,
          nicolae_shop_waterfront, uniq_blork_the_orc, uniq_pargi
D:5:      layout_cave_pools, lemuel_doored_altar, temple_hall
D:6:      layout_loops_cross, gup_sewer_entry_spiral
D:7:      layout_basic, serial_shops, nicolae_take_the_stairs,
          kennysheep_generic_room_7, uniq_duvessa
D:8:      layout_basic, enter_bailey_3, hangedman_decor_opposing
D:9:      nzn_winding_woodlands_cross [nzn_winding_woodlands_5x15_twine,
          nzn_winding_woodlands_5x15_default, nzn_winding_woodlands_5x15_jagged,
          nzn_winding_woodlands_5x15_pathside_ponds,
          nzn_winding_woodlands_15x15_five_gardens], layout_basic, david_orc_2
D:10:     layout_basic, minivault_7, uniq_maurice, uniq_nergalle
D:11:     layout_small_grid, erik_lair_island, nicolae_island_escapes,
          uniq_erica
D:12:     layout_basic, hellmonk_ghost_happy_afterlife, pond, uniq_nessos
D:13:     nicolae_cairo_tiling_large, layout_basic, ebering_ghost_funeral_grove
D:14:     layout_loops_ring, erik_vaults_2, eino_house_with_fridge
D:15:     gammafunk_depths_entry_grave, layout_loops_ring, serial_glass,
          glass_columns_a, glass_columns_b, glass_columns_a,
          hangedman_decor_points
Temple:   nicolae_temple_bog_church
Lair:1:   beast_lair_carwin_large_3, layout_misc_corridors, enter_volcano_2
Lair:2:   layout_regular_city, minmay_swamp_entry_worms
Lair:3:   layout_roguey, guppyfry_snake_entry_garden, amcnicky_mini_pool_medium,
          grunt_megastairs_2
Lair:4:   layout_misc_corridors
Swamp:1:  layout_basic_swamp, nicolae_swamp_long_stream, uniq_roxanne,
          uniq_jorgrun
Snake:1:  layout_grid_shapes, portal_ice_cave_entry_pillars_three,
          nicolae_snake_magic_snake_eye, serial_bayou_shore_a,
          grunt_megastairs_3, uniq_aizul, uniq_donald
Orc:1:    layout_caves, mines2_david, uniq_harold
Orc:2:    kennysheep_orc_mage_school, layout_diamond_mine

Skill      XL: |  1  2  3  4  5  6  7  8  9 10 11 12 13 14 15 16 |
---------------+-------------------------------------------------+-----
Fighting       | 4 5 7 8 9 11 13 14 15 | 15.9
Armour         | 4 5 7 8 10 11 12 | 12.5
Maces & Flails | 4 5 6 8 10 12 | 12.8
Dodging        | 2 4 6 7 |  7.5
Shields        | 5 8 9 10 | 10.2
Conjurations   | 2 5 7 |  7.1
Evocations     | 2 3 4 |  4.9
Spellcasting   | 4 5 |  5.6
Translocations | 1 |  1.1
Earth Magic    | 6 8 |  8.7
Transmutations | 2 4 |  4.6
Stealth        | 3 5 |  5.9
Necromancy     | 6 7 |  7.8

Action                     |  1- 3 |  4- 6 |  7- 9 | 10-12 | 13-15 | 16-18 || total
---------------------------+-------+-------+-------+-------+-------+-------++-------
  Melee: Flail             |   140 |   135 |   504 |  1161 |  1342 |   243 ||  3525
 Invoke: Curse Item        |       |       |     2 |     4 |     4 |       ||    10
         Shatter the Chain |       |       |       |     1 |     1 |       ||     2
  Evoke: Wand              |       |     5 |     5 |    29 |    23 |     2 ||    64
         Piece from Xom's  |       |       |       |     1 |       |       ||     1
    Use: Scroll            |     4 |     5 |    12 |     3 |     8 |     8 ||    40
         Potion            |       |     2 |     7 |     7 |     8 |       ||    24
   Stab: Invisible         |       |       |       |     3 |       |       ||     3
 Armour: Scale mail        |    91 |     1 |       |       |       |       ||    92
         Plate armour      |       |   120 |   412 |    53 |       |       ||   585
         Skin              |       |       |    11 |       |       |       ||    11
         Gold dragon scale |       |       |       |   863 |   769 |   187 ||  1819
  Dodge: Dodged            |    93 |    30 |   184 |   311 |   372 |    82 ||  1072
  Block: Buckler           |    33 |    27 |   149 |   377 |   443 |   131 ||  1160

Table legend: (Time is in decaauts)
 A = Elapsed time spent in this place.
 B = Non-inter-level travel time spent in this place.
 C = Inter-level travel time spent in this place.
 D = Time resting spent in this place.
 E = Time spent auto-exploring this place.
 F = Levels seen in this place.
 G = Mean time per level.
                   A        B        C        D        E       F      G
               +--------+--------+--------+--------+--------+-----+--------+
         Total |  24819 |  23477 |   1342 |   4361 |  13198 |  29 |  855.8 |
       Dungeon |  15803 |  14821 |    982 |   2588 |   8715 |  15 | 1053.5 |
        Temple |    189 |    176 |     13 |      0 |    142 |   1 |  189.0 |
          Lair |   2652 |   2450 |    202 |     50 |   1983 |   4 |  663.0 |
         Swamp |     17 |     17 |      0 |      0 |      0 |   1 |   17.0 |
     Snake Pit |   1438 |   1438 |      0 |    414 |    622 |   1 | 1438.0 |
  Orcish Mines |   1410 |   1267 |    143 |      3 |    882 |   2 |  705.0 |
         Abyss |    139 |    139 |      0 |     19 |      0 |   1 |  139.0 |
         Sewer |   1196 |   1196 |      0 |    231 |    503 |   1 | 1196.0 |
        Bailey |    508 |    508 |      0 |    205 |    134 |   1 |  508.0 |
      Ice Cave |   1259 |   1259 |      0 |    841 |    110 |   1 | 1259.0 |
       Volcano |    204 |    204 |      0 |     10 |    106 |   1 |  204.0 |
               +--------+--------+--------+--------+--------+-----+--------+

Top non-repeatable levels by time:
    D:10: 1653 daAuts
    D:14: 1609 daAuts
    D:13: 1467 daAuts
 Snake:1: 1438 daAuts
     D:9: 1419 daAuts
   IceCv: 1259 daAuts
   Sewer: 1196 daAuts
     D:2: 1189 daAuts
    D:15: 1106 daAuts
     D:4: 1006 daAuts
     D:3: 983 daAuts
     D:6: 977 daAuts
    D:12: 857 daAuts
  Lair:2: 839 daAuts
   Orc:2: 820 daAuts
